 Dungeon Crawl Stone Soup version 0.19.1 (webtiles) character file.

122 KingBobo974 the Twirler (level 4, -9/33 HPs)
             Began as a Demonspawn Gladiator on Dec 13, 2016.
             Mangled by loralnil's ghost (13 damage)
             ... on level 3 of the Dungeon.
             The game lasted 00:05:23 (2155 turns).

KingBobo974 the Twirler (Demonspawn Gladiator)      Turns: 2155, Time: 00:05:24

Health: -9/33      AC:  9    Str: 16    XL:     4   Next: 78%
Magic:  4/4        EV: 11    Int: 10    God:
Gold:   131        SH:  0    Dex: 13    Spells: 0 memorised, 3 levels left

rFire  . . .     SeeInvis .     a - +0 quarterstaff
rCold  . . .     Gourm    .     o - +0 scale mail
rNeg   . . .     Faith    .     (shield currently unavailable)
rPois  .         Spirit   .     (helmet restricted)
rElec  .         Reflect  .     k - +0 cloak
rCorr  .         Harm     .     (no gloves)
MR     .....                    (no boots)
Stlth  ..........               (no amulet)
                                (no ring)
                                (no ring)

@: no status effects
A: antennae 1, iridescent scales 1, rot immunity
a: no special abilities


You were on level 3 of the Dungeon.
You were not hungry.

You visited 1 branch of the dungeon, and saw 3 of its levels.

You collected 131 gold pieces.

Inventory:

Hand Weapons
 a - a +0 quarterstaff (weapon)
Missiles
 d - 2 throwing nets (quivered)
Armour
 b - a +0 leather armour
 c - a +0 helmet
 k - a +0 cloak (worn)
 m - a +0 buckler
 o - a +0 scale mail (worn)
Jewellery
 e - an uncursed ring of positive energy {unknown}
 g - an uncursed ring of protection from cold {unknown}
 i - a +3 amulet of reflection {unknown}
Scrolls
 h - 3 scrolls of identify {unknown}
 l - a scroll of immolation {unknown}
Potions
 j - 3 potions of curing
 n - a potion of degeneration {unknown}
Comestibles
 f - a bread ration


   Skills:
 - Level 2.0 Fighting
 * Level 4.1 Staves
 + Level 2.5 Throwing
 + Level 3.4 Dodging


You had 3 spell levels left.
You didn't know any spells.

Dungeon Overview and Level Annotations

Branches:
Dungeon (3/15)

Altars:
Vehumet

Annotations:
D:3 loralnil's ghost, amateur FoFi


Innate Abilities, Weirdness & Mutations

You have a pair of small antennae on your head.
You are partially covered in iridescent scales. (AC +2)
You are immune to rotting.


Message History

You are too injured to fight recklessly!
You are too injured to fight recklessly!
You completely miss loralnil's ghost.
Loralnil's ghost is heavily damaged.
Loralnil's ghost barely misses you.
You sock loralnil's ghost!
Loralnil's ghost is severely damaged.
Loralnil's ghost hits you.
* * * LOW HITPOINT WARNING * * *
You hit loralnil's ghost but do no damage.
Loralnil's ghost is severely damaged.
Loralnil's ghost shouts, "You must not succeed where I failed!"
Loralnil's ghost hits you but does no damage.
You hit loralnil's ghost.
Loralnil's ghost is almost destroyed.
Loralnil's ghost closely misses you.
You completely miss loralnil's ghost.
Loralnil's ghost is almost destroyed.
Loralnil's ghost hits you!
You die...

#...........#
#.....).
#..##########
#.#####.
#...........#
###.#####.
#.#########†#
#......... #.####
#.######.#.######
#....#
#.>........# #..)
####.#
########.### #.##
####.#########
#.# #.#
#.........@W.#
#.# #.#
#.##.#######.#
#.#####.## # #.#
.# #......... #.#
.. #####.###. ...
..# #.# #. ##.##
..# #.# #. ...
..# #.# #. #.#
#.# #.# #. #.#
#.# #.


You could see loralnil's ghost.

Vanquished Creatures
  Terence (D:3)
  2 adders (D:2)
  A gnoll (D:1)
  2 oozes
  2 worms (D:2)
  2 dart slugs (D:1)
  2 leopard geckos (D:2)
  5 giant cockroaches
  6 goblins
  7 hobgoblins
  3 jackals (D:3)
  A ball python (D:1)
  7 bats
  2 kobolds
  3 rats (D:1)
46 creatures vanquished.

Vanquished Creatures (others)
  2 adders (D:2)
  A dart slug (D:2)
  A hobgoblin (D:2)
4 creatures vanquished.

Grand Total: 50 creatures vanquished

Notes
Turn   | Place    | Note
-------+----------+-------------------------------------------
     0 | D:1      | KingBobo974 the Demonspawn Gladiator began the quest for the Orb.
     0 | D:1      | Reached XP level 1. HP: 16/16 MP: 1/1
   253 | D:1      | Gained mutation: You are immune to rotting. [demonic ancestry]
   253 | D:1      | Reached XP level 2. HP: 22/22 MP: 2/2
   323 | D:1      | Reached skill level 3 in Staves
   511 | D:1      | Gained mutation: You are partially covered in iridescent scales. (AC +2) [demonic ancestry]
   511 | D:1      | Reached XP level 3. HP: 16/27 MP: 3/3
   812 | D:2      | Found a radiant altar of Vehumet.
  1171 | D:2      | Gained mutation: You have a pair of small antennae on your head. [demonic ancestry]
  1171 | D:2      | Reached XP level 4. HP: 33/33 MP: 4/4
  1481 | D:3      | Noticed Terence
  1493 | D:3      | Killed Terence
  1493 | D:3      | Reached skill level 4 in Staves
  1605 | D:3      | Noticed loralnil's ghost (amateur FoFi)
  2155 | D:3      | Mangled by loralnil's ghost

Skill      XL: |  1  2  3  4 |
---------------+-------------+-----
Throwing       | 2 |  2.5
Staves         | 3 4 |  4.1
Dodging        | 3 |  3.4
Fighting       | |  2.0

Action                   |  1- 3 |  4- 6 || total
-------------------------+-------+-------++-------
Melee: Quarterstaff      |    85 |    94 ||   179
Throw: Throwing net      |     1 |       ||     1
  Use: Potion            |       |     1 ||     1
 Stab: Sleeping          |     1 |       ||     1
  Eat: Bread ration      |       |     1 ||     1
Armor: Leather armour    |    28 |     8 ||    36
       Scale mail        |       |    18 ||    18
Dodge: Dodged            |    56 |    55 ||   111
